 Dungeon Crawl Stone Soup version 0.24.0-13-gcf9b3192b9 (webtiles) character file.

Game seed: 5252447257713484238, levelgen mode: deterministic

36 Katsumi the Changer (level 3, -2/15 HPs)
             Began as a Felid Transmuter on Nov 10, 2019.
             Slain by a quokka (4 damage)
             ... on level 2 of the Dungeon.
             The game lasted 00:04:21 (3887 turns).

Katsumi the Changer (Felid Transmuter)              Turns: 3887, Time: 00:04:22

Health: -2/15      AC:  1    Str:  6    XL:     3   Next: 19%
Magic:  7/7        EV: 18    Int: 15    God:
Gold:   78         SH:  0    Dex: 16    Spells: 3/6 levels left
                                        Lives:  0   Deaths: 1

rFire    . . .     SeeInvis +     - Unarmed
rCold    . . .     Gourm    .   (shield unavailable)
rNeg     . . .     Faith    .   (armour unavailable)
rPois    .         Spirit   .   (helmet unavailable)
rElec    .         Reflect  .   (cloak unavailable)
rCorr    .         Harm     .   (gloves unavailable)
MR       .....                  (boots unavailable)
Stlth    ++........             (no amulet)
HPRegen  0.05/turn              (no ring)
MPRegen  0.10/turn              (no ring)

@: quick
A: very small, no armour, no weapons or thrown items, stealth, claws 1, fangs 3,
see invisible, carnivore, speed 1, shaggy fur 1, slow metabolism 1, sharp paws
a: no special abilities


You were on level 2 of the Dungeon.
You were not hungry.

You visited 1 branch of the dungeon, and saw 2 of its levels.

You collected 78 gold pieces.

Inventory:

Missiles
 a - 90 arrows
Scrolls
 b - a scroll of enchant weapon {unknown}
 e - a scroll of amnesia
 f - a scroll of remove curse {unknown}
 g - a scroll of teleportation {unknown}
 i - 2 scrolls of identify {unknown}
 j - a scroll of fear {unknown}
 k - a scroll of blinking {unknown}
 l - a scroll of immolation {unknown}
Potions
 d - 4 potions of curing {unknown}
 h - a potion of heal wounds {unknown}
 m - a potion of magic {unknown}
Comestibles
 c - 2 rations


   Skills:
 - Level 1.0 Fighting
 - Level 2.6 Dodging
 - Level 3.0 Unarmed Combat
 - Level 2.0 Spellcasting
 + Level 5.0 Transmutations


You had 3 spell levels left.
You knew the following spells:

 Your Spells              Type           Power        Failure   Level  Hunger
a - Beastly Appendage     Tmut           ###...       2%          1    #......
b - Sticks to Snakes      Tmut           ###.....     4%          2    ###....

Your spell library contained the following spells:

 Spells                   Type           Power        Failure   Level  Hunger
 Spider Form              Tmut/Pois      #.........   24%         3    ###....
 Ice Form                 Ice/Tmut       #.......     61%         4    #####..
 Blade Hands              Tmut           ###.......   61%         5    ######.


Dungeon Overview and Level Annotations

Branches:
Dungeon (2/15)

Altars:
Hepliaklqana
Wu Jian

Annotations:
D:2 1 runed translucent door, Crazy Yiuf, Natasha, Robin


Innate Abilities, Weirdness & Mutations

You cannot wear armour.
You are incapable of wielding weapons or throwing items.
Your paws allow you to move quietly. (Stealth)
You have sharp claws.
You have razor-sharp teeth.
You have supernaturally acute eyesight. (SInv)
You are carnivorous and can eat meat at any time.
You cover ground quickly.
You are covered in fur. (AC +1)
You have a slow metabolism.
Your sharp claws are effective at attacking unaware monsters.


Message History

The quokka twitches its whiskers.
The quokka bites you. The quokka bites you. The quokka bites you.
* * * LOW HITPOINT WARNING * * *
The quokka barely misses you. The quokka closely misses you.
The quokka barely misses you. The quokka misses you.
The quokka completely misses you. The quokka misses you.
The quokka closely misses you. The quokka barely misses you.
The quokka completely misses you. The quokka closely misses you.
The quokka closely misses you. The quokka misses you. The quokka bites you.
* * * LOW HITPOINT WARNING * * *
The quokka bites you but does no damage.
The quokka bites you.
You die... .## #.# g ............ .# #.# #gg

...#..##.....
.######.####.... ##.....#
#.....
...............###.....##
#.....
..........g..........#
#.....
......#.#########....#
#.....
..##.##.########....
##....
.###..............#
##.### .# ###..#### #.@.#
#..### .# ##.# #...r#.#
####.##.. .#
#......#>.#.#
####.......# ## ...###
#.##.####....##.#### .
..##.#....#####.##.. ##
####....#### #..#...
###### ###.... #....
#....


You could see a quokka.

Vanquished Creatures
  Natasha (D:2)
  An adder (D:2)
  An ooze (D:2)
  A dart slug (D:1)
  2 leopard geckos
  3 giant cockroaches (D:1)
  4 goblins (D:2)
  5 hobgoblins
  4 jackals (D:2)
  5 kobolds
  A quokka (D:2)
  6 bats
  3 frilled lizards
  A rat (D:2)
38 creatures vanquished.

Vanquished Creatures (collateral kills)
  An adder (D:2)
  A hobgoblin (D:2)
2 creatures vanquished.

Grand Total: 40 creatures vanquished

Notes
Turn   | Place    | Note
-------+----------+-------------------------------------------
     0 | D:1      | Katsumi the Felid Transmuter began the quest for the Orb.
     0 | D:1      | Reached XP level 1. HP: 9/9 MP: 4/4
   380 | D:1      | Reached skill level 3 in Transmutations
   380 | D:1      | Reached XP level 2. HP: 8/12 MP: 4/6
  1169 | D:1      | You fall into a shaft and drop 1 floor!
  1311 | D:2      | Found a hazy altar of Hepliaklqana.
  1640 | D:1      | Reached XP level 3. HP: 15/15 MP: 5/7
  1644 | D:1      | Learned a level 2 spell: Sticks to Snakes
  1666 | D:2      | Reached skill level 4 in Transmutations
  1753 | D:2      | Noticed Natasha
  1755 | D:2      | Found an ornate altar of the Wu Jian Council.
  2195 | D:2      | Killed Natasha
  2468 | D:2      | Found a faded altar of an unknown god.
  2672 | D:2      | Noticed Robin
  2687 | D:2      | Reached XP level 4. HP: 19/19 MP: 6/8
  3675 | D:2      | Reached skill level 5 in Transmutations
  3700 | D:2      | Noticed Natasha
  3734 | D:2      | Killed from afar by Natasha
  3735 | D:2      | Reached XP level 3. HP: -3/15 MP: 2/7
  3797 | D:2      | Found a runed translucent door.
  3802 | D:2      | Noticed Crazy Yiuf
  3887 | D:2      | Slain by a quokka

Levels and vault maps discovered:
D:1:      wander_arrival_fairy_ring, layout_basic, minmay_misc_feat_iff
D:2:      layout_rooms, overflow_temple_1_default,
          nicolae_overflow_crystal_walls, first_ration,
          chequers_ecumenical_altar_simple_redux, kennysheep_path_1,
          uniq_natasha, uniq_crazy_yiuf_cottage, uniq_robin

Skill      XL: |  1  2  3  4 |
---------------+-------------+-----
Transmutations | 3 4 5 |  5.0
Fighting       | |  1.0
Dodging        | |  2.6
Unarmed Combat | |  3.0
Spellcasting   | |  2.0

Action                   |  1- 3 |  4- 6 || total
-------------------------+-------+-------++-------
Melee: Unarmed           |    74 |    40 ||   114
       Headbutt          |    12 |     7 ||    19
       Bite              |     6 |     1 ||     7
 Cast: Beastly Appendage |    27 |     9 ||    36
       Sticks to Snakes  |     8 |     4 ||    12
  Use: Scroll            |     1 |       ||     1
 Stab: Sleeping          |     5 |       ||     5
  Eat: Chunk             |    11 |       ||    11
Armor: Skin              |     5 |       ||     5
Dodge: Dodged            |    92 |    36 ||   128
